cohdb
Replays
Latest Replays
All Replays
Popular Replays
Top Player Replays
Match Explorer
How It Works
Community
CoH3 Stats
Reddit
Sign in to upload your games and track your stats! →
Sign in with Steam
Match 45948236
Unlisted
Match 45948236
Overview
Messages
Build Orders
End
Selects Australian Defense Battlegroup
Selects Australian Light Infantry Section
Australian Light Infantry Section
Royal Engineer Section
Construct Section Command Post
Infantry Section
Construct Field Infirmary
Infantry Section
Construct Platoon Command Post
Selects 2-pounder Anti-tank Gun Team
Humber Armored Car
Infantry Section
Infantry Training
2-pounder Anti-tank Gun Team
Selects Vehicle Over Repair
Grenade Package
Construct Company Command Post
Selects CMP 15cwt Supply Run
Selects Reinforced Resource Caches
Crusader II Medium Tank
FeriG
WordBearers[Borgore]
0
0
Comments
sign in to comment!
No comments posted yet!